HBL
NASHVILLE SOUNDS @ TACOMA RAINIERS
04/29/1997
 
TOP OF THE 1ST
Nashville Sounds batting - Pitching for Tacoma Rainiers : RHP Greg Keagle
Pitching: RHP Greg Keagle
Batting: RHB Danny Bautista 0-0: Ball
1-0: Foul Ball, location: 2F
1-1: Ball
2-1: Ground out 6-3 (Groundball, 6, EV 78.8 MPH)
Batting: RHB George Arias 0-0: Ball
1-0: Foul Ball, location: 2F
1-1: Ball
2-1: Fly out, F6 (Popup, 6M, EV 53.1 MPH)
Batting: LHB Dion James 0-0: Foul Ball, location: 2F
0-1: Ball
1-1: Foul Ball, location: 2F
1-2: Ball
2-2: DOUBLE (Groundball, 5L, EV 109.4 MPH)
Batting: RHB Paul Konerko 0-0: Fly out, F4 (Popup, 3S, EV 86.9 MPH)
Top of the 1st over - 0 runs, 1 hit, 0 errors, 1 left on base; Nashville 0 - Tacoma 0
BOTTOM OF THE 1ST
Tacoma Rainiers batting - Pitching for Nashville Sounds : RHP Jaime Navarro
Pitching: RHP Jaime Navarro
Batting: SHB Chad Fonville 0-0: Foul Ball, location: 2F
0-1: Ground out 4-3 (Groundball, 4, EV 85.0 MPH)
Batting: LHB Daryl Boston 0-0: Swinging Strike
0-1: Ball
1-1: Ball
2-1: Foul Ball, location: 2F
2-2: SINGLE (Groundball, 4MD, EV 101.3 MPH)
Batting: LHB Chito Martinez 0-0: Grounds into double play, 1-6-3 (Groundball, 13S, EV 69.4 MPH)
Bottom of the 1st over - 0 runs, 1 hit, 0 errors, 0 left on base; Nashville 0 - Tacoma 0
TOP OF THE 2ND
Nashville Sounds batting - Pitching for Tacoma Rainiers : RHP Greg Keagle
Batting: SHB Raul Casanova 0-0: Called Strike
0-1: Ball
1-1: Ball
2-1: Ball
3-1: Called Strike
3-2: Base on Balls
Batting: RHB Eli Marrero 0-0: Swinging Strike
0-1: Called Strike
0-2: Ball
Wild Pitch!
Raul Casanova to second
1-2: Foul Ball, location: 2F
1-2: Ball
2-2: Strikes out swinging
Batting: LHB Jeff Branson 0-0: Called Strike
0-1: Ball
1-1: Foul Ball, location: 2F
1-2: Ball
2-2: Ball
3-2: Foul Ball, location: 2F
3-2: Ground out 6-3 (Groundball, 6, EV 108.8 MPH)
Batting: RHB Adam Riggs 0-0: Called Strike
0-1: Ball
1-1: Ground out 6-3 (Groundball, 6, EV 110.6 MPH)
Top of the 2nd over - 0 runs, 0 hits, 0 errors, 1 left on base; Nashville 0 - Tacoma 0
BOTTOM OF THE 2ND
Tacoma Rainiers batting - Pitching for Nashville Sounds : RHP Jaime Navarro
Batting: RHB Russ Davis 0-0: Called Strike
0-1: Ball
1-1: Ball
2-1: Called Strike
2-2: Ball
3-2: Ground out 5-3 (Groundball, 56, EV 77.5 MPH)
Batting: SHB Micah Franklin 0-0: Ground out 6-3 (Groundball, 56, EV 97.5 MPH)
Batting: RHB Jose Guillen 0-0: Ground out 6-3 (Groundball, 6, EV 106.3 MPH)
Bottom of the 2nd over - 0 runs, 0 hits, 0 errors, 0 left on base; Nashville 0 - Tacoma 0
TOP OF THE 3RD
Nashville Sounds batting - Pitching for Tacoma Rainiers : RHP Greg Keagle
Batting: SHB Felix Martinez 0-0: Ball
1-0: Called Strike
1-1: Reached on error, E6 (Groundball, 6, EV 84.4 MPH)
Batting: RHB Danny Bautista 0-0: Ball
1-0: SINGLE (Line Drive, 9S, EV 107.5 MPH)
Felix Martinez to third
Batting: RHB George Arias 0-0: Ball
1-0: Called Strike
1-1: Grounds into double play, 6-4-3 (Groundball, 6M, EV 80.6 MPH)
Felix Martinez scores
Batting: LHB Dion James 0-0: Ball
1-0: Ball
2-0: Ball
3-0: Fly out, F5 (Popup, 56S, EV 70.0 MPH)
Top of the 3rd over - 1 run, 1 hit, 1 error, 0 left on base; Nashville 1 - Tacoma 0
BOTTOM OF THE 3RD
Tacoma Rainiers batting - Pitching for Nashville Sounds : RHP Jaime Navarro
Batting: LHB Mario Valdez 0-0: Fly out, F7 (Flyball, 78M, EV 86.9 MPH)
Batting: RHB Eric Young 0-0: Ball
1-0: Called Strike
1-1: Fly out, F2 (Popup, 23F, EV 89.4 MPH)
Batting: LHB Greg O'Halloran 0-0: Foul Ball, location: 2F
0-1: Ball
1-1: Foul Ball, location: 2F
1-2: Ball
2-2: Strikes out swinging
Bottom of the 3rd over - 0 runs, 0 hits, 0 errors, 0 left on base; Nashville 1 - Tacoma 0
TOP OF THE 4TH
Nashville Sounds batting - Pitching for Tacoma Rainiers : RHP Greg Keagle
Batting: RHB Paul Konerko 0-0: Ball
1-0: SINGLE (Flyball, 89S, EV 95.0 MPH)
Batting: SHB Raul Casanova 0-0: Ball
1-0: Foul Ball, location: 2F
1-1: Fielders Choice at 2nd, 4-6 (Groundball, 4, EV 85.0 MPH)
Batting: RHB Eli Marrero 0-0: Called Strike
0-1: Fielders Choice at 2nd, 6-4 (Groundball, 6M, EV 85.6 MPH)
Batting: LHB Jeff Branson 0-0: Ball
Eli Marrero steals 2nd base
1-0: Fly out, F7 (Flyball, 7D, EV 90.6 MPH)
Top of the 4th over - 0 runs, 1 hit, 0 errors, 1 left on base; Nashville 1 - Tacoma 0
BOTTOM OF THE 4TH
Tacoma Rainiers batting - Pitching for Nashville Sounds : RHP Jaime Navarro
Batting: SHB Chad Fonville 0-0: Fly out, F7 (Flyball, 7LS, EV 71.3 MPH)
Batting: LHB Daryl Boston 0-0: Ball
1-0: Ground out 4-3 (Groundball, 4S, EV 71.9 MPH)
Batting: LHB Chito Martinez 0-0: Foul Ball, location: 2F
0-1: Called Strike
0-2: Ball
1-2: Ball
2-2: Ball
3-2: Fly out, F9 (Flyball, 89M, EV 87.5 MPH)
Bottom of the 4th over - 0 runs, 0 hits, 0 errors, 0 left on base; Nashville 1 - Tacoma 0
TOP OF THE 5TH
Nashville Sounds batting - Pitching for Tacoma Rainiers : RHP Greg Keagle
Batting: RHB Adam Riggs 0-0: Ball
1-0: Called Strike
1-1: Ball
2-1: Ball
3-1: Base on Balls
Batting: SHB Felix Martinez 0-0: Ball
1-0: Ball
2-0: Bunt missed!
2-1: Bunted foul
2-2: Foul Ball, location: 2F
2-2: Fly out, F6 (Popup, 6M, EV 36.3 MPH)
Batting: RHB Danny Bautista 0-0: Called Strike
0-1: Ball
1-1: Ground out 4-3 (Groundball, 4, EV 84.4 MPH)
Adam Riggs to second
Batting: RHB George Arias 0-0: Called Strike
0-1: Ground out 6-3 (Groundball, 56, EV 86.9 MPH)
Top of the 5th over - 0 runs, 0 hits, 0 errors, 1 left on base; Nashville 1 - Tacoma 0
BOTTOM OF THE 5TH
Tacoma Rainiers batting - Pitching for Nashville Sounds : RHP Jaime Navarro
Batting: RHB Russ Davis 0-0: Called Strike
0-1: Swinging Strike
0-2: Ball
1-2: Foul Ball, location: 2F
1-2: Strikes out swinging
Batting: SHB Micah Franklin 0-0: Ball
1-0: Called Strike
1-1: Ball
2-1: Ground out 6-3 (Groundball, 6M, EV 88.8 MPH)
Batting: RHB Jose Guillen 0-0: Ground out 5-3 (Groundball, 56, EV 80.0 MPH)
Bottom of the 5th over - 0 runs, 0 hits, 0 errors, 0 left on base; Nashville 1 - Tacoma 0
TOP OF THE 6TH
Nashville Sounds batting - Pitching for Tacoma Rainiers : RHP Greg Keagle
Batting: LHB Dion James 0-0: Fly out, F6 (Popup, 56, EV 59.4 MPH)
Batting: RHB Paul Konerko 0-0: Called Strike
0-1: Ball
1-1: Called Strike
1-2: Ball
2-2: Reached on error, E3 (Groundball, 34, EV 99.4 MPH)
Batting: SHB Raul Casanova 0-0: Grounds into double play, 4-6-3 (Groundball, 4, EV 87.5 MPH)
Top of the 6th over - 0 runs, 0 hits, 1 error, 0 left on base; Nashville 1 - Tacoma 0
BOTTOM OF THE 6TH
Tacoma Rainiers batting - Pitching for Nashville Sounds : RHP Jaime Navarro
Batting: LHB Mario Valdez 0-0: Called Strike
0-1: Fly out, F9 (Flyball, 9D, EV 108.1 MPH)
Batting: RHB Eric Young 0-0: Called Strike
0-1: Called Strike
0-2: SINGLE (Line Drive, 56D, EV 99.4 MPH)
Batting: LHB Greg O'Halloran 0-0: Foul Ball, location: 2F
0-1: Ball
1-1: Called Strike
1-2: Grounds into double play, 1-6-3 (Groundball, 34S, EV 71.9 MPH)
Bottom of the 6th over - 0 runs, 1 hit, 0 errors, 0 left on base; Nashville 1 - Tacoma 0
TOP OF THE 7TH
Nashville Sounds batting - Pitching for Tacoma Rainiers : RHP Greg Keagle
Batting: RHB Eli Marrero 0-0: SINGLE (Line Drive, 6D, EV 94.4 MPH)
Batting: LHB Jeff Branson 0-0: Bunted foul
0-1: Ball
1-1: Bunted foul
1-2: Ball
2-2: Strikes out swinging
Batting: RHB Adam Riggs 0-0: Called Strike
0-1: Called Strike
0-2: Ball
1-2: Ball
2-2: Strikes out swinging
Batting: SHB Felix Martinez 0-0: Ball
1-0: Foul Ball, location: 2F
1-1: Foul Ball, location: 2F
1-2: Ball
2-2: Strikes out swinging
Top of the 7th over - 0 runs, 1 hit, 0 errors, 1 left on base; Nashville 1 - Tacoma 0
BOTTOM OF THE 7TH
Tacoma Rainiers batting - Pitching for Nashville Sounds : RHP Jaime Navarro
Batting: SHB Chad Fonville 0-0: Fly out, F9 (Flyball, 89S, EV 78.1 MPH)
Batting: LHB Daryl Boston 0-0: Ball
1-0: Foul Ball, location: 2F
1-1: Swinging Strike
1-2: SINGLE (Groundball, 34D, EV 102.5 MPH)
Batting: LHB Chito Martinez 0-0: Ball
1-0: Foul Ball, location: 2F
1-1: Foul Ball, location: 2F
1-2: Ball
2-2: Foul Ball, location: 2F
2-2: Ball
3-2: DOUBLE (Line Drive, 9LM, EV 114.4 MPH)
Daryl Boston to third
Runner from 3rd tries for Home, SAFE, throw by RF to trailing runner, SAFE at third!
Batting: RHB Russ Davis 0-0: Ball
1-0: Ground out 4-3 (Groundball, 4, EV 88.8 MPH)
Batting: SHB Micah Franklin 0-0: Ball
1-0: Ground out 1-3 (Groundball, 13, EV 86.3 MPH)
Bottom of the 7th over - 1 run, 2 hits, 0 errors, 1 left on base; Nashville 1 - Tacoma 1
TOP OF THE 8TH
Nashville Sounds batting - Pitching for Tacoma Rainiers : RHP Greg Keagle
Pitching: LHP Jeff Wallace
Batting: RHB Danny Bautista 0-0: Ball
1-0: Ball
2-0: Called Strike
2-1: Swinging Strike
2-2: Strikes out swinging
Batting: RHB George Arias 0-0: Ball
1-0: Called Strike
1-1: SOLO HOME RUN (Flyball, 7D, EV 98.8 MPH), Distance : 392 ft
Batting: LHB Dion James 0-0: Called Strike
0-1: Ground out 4-3 (Groundball, 34, EV 90.6 MPH)
Batting: RHB Paul Konerko 0-0: Foul Ball, location: 2F
0-1: Ball
1-1: Ball
2-1: Swinging Strike
2-2: Fly out, F8 (Flyball, 8LM, EV 87.5 MPH)
Top of the 8th over - 1 run, 1 hit, 0 errors, 0 left on base; Nashville 2 - Tacoma 1
BOTTOM OF THE 8TH
Tacoma Rainiers batting - Pitching for Nashville Sounds : RHP Jaime Navarro
Now in RF: Ken Ramos
Batting: RHB Jose Guillen 0-0: Ball
1-0: SINGLE (Flyball, 9LS, EV 89.4 MPH)
Batting: LHB Mario Valdez 0-0: Ball
1-0: Called Strike
1-1: Swinging Strike
1-2: Ball
2-2: Strikes out swinging
Batting: RHB Eric Young 0-0: Called Strike
0-1: Foul Ball, location: 2F
0-2: Ball
1-2: Fly out, F7 (Flyball, 78S, EV 91.9 MPH)
Batting: LHB Greg O'Halloran 0-0: Swinging Strike
0-1: Foul Ball, location: 2F
0-2: Fielders Choice at 2nd, U4 (Groundball, 4M, EV 111.3 MPH)
Bottom of the 8th over - 0 runs, 1 hit, 0 errors, 1 left on base; Nashville 2 - Tacoma 1
TOP OF THE 9TH
Nashville Sounds batting - Pitching for Tacoma Rainiers : LHP Jeff Wallace
Batting: SHB Raul Casanova 0-0: Fly out, F4 (Popup, 4M, EV 70.0 MPH)
Batting: RHB Eli Marrero 0-0: Ball
1-0: Foul Ball, location: 2F
1-1: Ball
2-1: Ball
3-1: Foul Ball, location: 2F
3-2: SINGLE (Groundball, 6MD, EV 97.5 MPH)
Batting: LHB Jeff Branson 0-0: Ball
1-0: SINGLE (Groundball, 34D, EV 105.6 MPH)
Eli Marrero to second
Runner from 2nd tries for 3rd, SAFE, throw by RF made to third
Batting: RHB Adam Riggs 0-0: Ball
1-0: Ball
2-0: Called Strike
2-1: Foul Ball, location: 2F
2-2: Foul Ball, location: 2F
2-2: Strikes out swinging
Batting: SHB Felix Martinez 0-0: Ball
1-0: Swinging Strike
1-1: Foul Ball, location: 2F
1-2: Fly out, F8 (Flyball, 8RS, EV 90.0 MPH)
Top of the 9th over - 0 runs, 2 hits, 0 errors, 2 left on base; Nashville 2 - Tacoma 1
BOTTOM OF THE 9TH
Tacoma Rainiers batting - Pitching for Nashville Sounds : RHP Jaime Navarro
Pitching: RHP Chad Fox
Batting: SHB Chad Fonville 0-0: Foul Ball, location: 2F
0-1: SINGLE (Groundball, 6D, EV 94.4 MPH)
Batting: LHB Daryl Boston 0-0: Ball
1-0: Foul Ball, location: 2F
1-1: Ball
2-1: Ball
3-1: Fly out, F1 (Line Drive, P, EV 62.5 MPH)
Pitching: RHP Jose J. Bautista
Batting: LHB Chito Martinez 0-0: Ball
1-0: Swinging Strike
1-1: Ball
2-1: Foul Ball, location: 2F
2-2: Foul Ball, location: 2F
2-2: Fly out, F9 (Flyball, 9LD, EV 96.9 MPH)
Batting: RHB Russ Davis 0-0: Called Strike
0-1: Swinging Strike
0-2: Ball
1-2: Strikes out looking
Bottom of the 9th over - 0 runs, 1 hit, 0 errors, 1 left on base; Nashville 2 - Tacoma 1
Tuesday, February 3rd, 2026 - OOTP Baseball 20.8 Build 74